 Dungeon Crawl Stone Soup version 0.31-a0-1370-gf52a5a9ab3 (webtiles) character file.

Game seed: 8179229757455715755

5889 grandjackal the Fighter (level 10, -4/93 HPs)
             Began as a Black Draconian Gladiator on Dec 23, 2023.
             Was an Elder of Okawaru.
             Slain by Erolcha
             ... wielding a +0 giant spiked club
              (7 damage)
             ... on level 10 of the Dungeon.
             The game lasted 00:15:04 (10956 turns).

grandjackal the Fighter (DrGl)                     Turns: 10956, Time: 00:15:05

Health: -4/93      AC:  8    Str: 18    XL:     10   Next: 53%
Magic:  10/10      EV: 16    Int:  8    God:    Okawaru [****..]
Gold:   258        SH:  0    Dex: 16    Spells: 9/9 levels left

rFire   . . .        M - +0 scimitar
rCold   . . .        (no shield)
rNeg    + . .        (body armour unavailable)
rPois   .            b - +0 hat
rElec   +            h - scarf {shadows}
rCorr   .            l - +0 pair of gloves
SInv    .            (no boots)
Will    +....        u - amulet of faith
Stlth   +            f - ring of positive energy
HPRegen 0.35/turn    F - ring of willpower
MPRegen 0.12/turn

%: faith
@: no status effects
A: breathe lightning, AC +7, unfitting armour, electricity resistance,
cold-blooded
a: Breathe Lightning, Renounce Religion, Heroism, Finesse


You were on level 10 of the Dungeon.
You worshipped Okawaru.
Okawaru was greatly pleased with you.
You visited 2 branches of the dungeon, and saw 11 of its levels.

You collected 504 gold pieces.
You spent 246 gold pieces at shops.

Inventory:

Hand Weapons
 M - a +0 scimitar (weapon)
Missiles
 c - 14 throwing nets (quivered)
 d - 7 javelins
Armour
 b - a +0 hat (worn)
 h - a scarf of shadows (worn)
 l - a +0 pair of gloves (worn)
 L - a -1 buckler
Jewellery
 f - a ring of positive energy (left hand)
 u - an amulet of faith (around neck)
 x - an amulet of reflection
 z - a +6 ring of strength
 D - a ring of wizardry
 F - a ring of willpower (right hand)
Wands
 B - a wand of roots (3)
 G - a wand of digging (5)
 J - a wand of mindburst (13)
 N - a wand of polymorph (7)
 O - a wand of acid (3)
Scrolls
 g - a scroll of revelation {unknown}
 i - a scroll of enchant weapon {unknown}
 j - 12 scrolls of identify {unknown}
 k - 2 scrolls of amnesia {unknown}
 m - a scroll of blinking
 o - a scroll of fog
 r - 2 scrolls of noise {unknown}
 s - 2 scrolls of teleportation
 t - 2 scrolls of enchant armour {unknown}
 y - a scroll of immolation {unknown}
 C - a scroll of vulnerability {unknown}
 H - a scroll of fear {unknown}
 I - a scroll of silence {unknown}
 P - a scroll of torment {unknown}
Potions
 a - a potion of degeneration {unknown}
 e - 5 potions of brilliance
 n - 2 potions of curing {unknown}
 p - 2 potions of might {unknown}
 q - a potion of enlightenment {unknown}
 v - 2 potions of cancellation {unknown}
 w - 2 potions of haste
 A - a potion of mutation {unknown}
 E - a potion of lignification {unknown}
 K - 2 potions of attraction


   Skills:
 + Level 10.1 Fighting
 + Level 9.5 Long Blades
 - Level 2.0 Throwing
 + Level 8.7 Dodging
 + Level 3.1 Shields


You had 9 spell levels left.
You didn't know any spells.
Your spell library contained the following spells:

 Spells                   Type           Power      Damage    Failure   Level
 Apportation              Tloc           0%         N/A       41%         1
 Necrotise                Necr           0%         1d4       41%         1
 Slow                     Hex            0%         N/A       41%         1
 Sting                    Conj/Alch      0%         1d3       41%         1
 Ensorcelled Hibernation  Hex/Ice        0%         N/A       54%         2
 Passwall                 Alch/Erth      0%         N/A       54%         2
 Sublimation of Blood     Necr           0%         N/A       54%         2
 Confusing Touch          Hex            0%         N/A       78%         3
 Fugue of the Fallen      Necr           0%         N/A       78%         3
 Hailstorm                Conj/Ice       0%         3d5       78%         3
 Ozocubu's Armour         Ice            0%         N/A       78%         3
 Sigil of Binding         Hex            0%         N/A       78%         3
 Swiftness                Air            0%         N/A       78%         3
 Vampiric Draining        Necr           0%         2d6       78%         3
 Manifold Assault         Tloc           0%         N/A       99%         4
 Petrify                  Alch/Erth      0%         N/A       99%         4
 Irradiate                Conj/Alch      0%         3d11      100%        5
 Lee's Rapid Deconstruct  Erth           0%         3d4*      100%        5
 Summon Small Mammal      Summ           Unusable   N/A       N/A         1
 Animate Armour           Summ/Erth      Unusable   N/A       N/A         4
 Summon Ice Beast         Ice/Summ       Unusable   N/A       N/A         4
 Summon Lightning Spire   Summ/Air       Unusable   N/A       N/A         4
 Simulacrum               Ice/Necr       Unusable   N/A       N/A         6

Dungeon Overview and Level Annotations

Branches:
Dungeon (10/15)            Temple (1/1) D:5
   Lair: D:8-11         Orc: D:9-12

Altars:
Ashenzari
Dithmenos
Elyvilon
Fedhas
Hepliaklqana
Kikubaaqudgha
Makhleb
Nemelex Xobeh
Okawaru
Qazlal
Sif Muna
Trog
Uskayaw
Vehumet
Xom
Yredelemnul
Zin
The Shining One

Shops:
D:3 (   D:4 ?   D:5 *   D:6 =?:   D:7 [

Annotations:
D:4 2 transporters, xnavy's ghost, amateur TrSh
D:7 2 transporters, IdlyInterested's ghost, novice DsFi
D:10 Erolcha


Innate Abilities, Weirdness & Mutations

You can breathe wild blasts of lightning.
Your glossy black scales are hard. (AC +7)
You cannot fit into any form of body armour.
You are resistant to electric shocks. (rElec)
You are cold-blooded and may be slowed by cold attacks.


Message History

Erolcha is nearby!
You gain the combat prowess of a mighty hero.
You can no longer enter into single combat with a foe.
Okawaru will no longer gift you throwing weapons.
Erolcha closely misses you.
You hit Erolcha.
Erolcha is lightly wounded.
You completely miss Erolcha.
Erolcha is lightly wounded.
You closely miss Erolcha.
You tail-slap Erolcha, but do no damage.
Erolcha is lightly wounded.
Erolcha hits you with a +0 giant spiked club!!
You hit Erolcha.
Erolcha is lightly wounded.
You hit Erolcha but do no damage.
Erolcha is lightly wounded.
Erolcha mumbles some strange words.
Erolcha blinks!
Erolcha gestures wildly while chanting.
Erolcha flickers and vanishes!
Deactivating autopickup; reactivate with Ctrl-A.
No target in view!
Something tries to affect you, but you resist.
You start resting.
You feel like a meek peon again.
You miss something. You tail-slap something.
You hear some strange, mumbled words.
Something tries to affect you, but you resist.
You hit something. Something hits you!!!
You barely miss something. You slash something! Something hits you!
* * * LOW HITPOINT WARNING * * *
Okay, then.
You miss something. You tail-slap something. Something closely misses you.
You slash something! You hit something. Something hits you!!
* * * LOW HITPOINT WARNING * * *
You hit something. Something hits you!
You die...

#....#.#.#
##<#.#.#
#..#.#.#
#..#.#.#
#.##.#.#
#....#.#
######.#
#.######.#
.......@.#
...........#
.###########


There were no monsters in sight!

Vanquished Creatures
  A cyclops (D:7)
  Joseph (D:7)
  Prince Ribbit (D:5)
  A vampire (D:9)
  A wyvern (D:8)
  6 yaks (D:9)
  Menkaure (D:4)
  Edmund (D:6)
  An orc warrior (D:7)
  A black bear (D:5)
  2 sky beasts (D:7)
  2 ogres
  2 phantoms
  2 centaurs (D:9)
  3 kobold brigands
  2 scorpions
  6 bullfrogs
  3 gnoll sergeants (D:6)
  3 wights
  3 howler monkeys
  An electric eel (D:6)
  2 jellies
  9 hounds
  2 orc priests
  3 gnoll boudas
  3 sleepcaps
  5 iguanas
  Terence (D:2)
  Natasha (thrice) (D:2)
  10 orc wizards
  37 gnolls
  10 adders
  A shadow imp (D:6)
  2 white imps
  A worm (D:5)
  A dart slug (D:1)
  16 orcs
  5 bats
  5 endoplasms (D:1)
  A giant cockroach (D:2)
  6 goblins
  7 hobgoblins
  7 jackals
  6 quokkas
  5 ball pythons
  A frilled lizard (D:3)
  24 kobolds
  5 rats
222 creatures vanquished.

Notes
Turn   | Place    | Note
-------+----------+-------------------------------------------
     0 | D:1      | grandjackal the Draconian Gladiator began the quest for the
                  | Orb.
     0 | D:1      | Reached XP level 1. HP: 17/17 MP: 1/1
   179 | D:1      | Reached XP level 2. HP: 25/25 MP: 2/2
   627 | D:1      | Reached XP level 3. HP: 29/30 MP: 3/3
   767 | D:2      | Noticed Natasha
   774 | D:2      | Killed Natasha
   775 | D:2      | Reached skill level 3 in Fighting
   847 | D:2      | Reached XP level 4. HP: 26/38 MP: 4/4
  1003 | D:2      | Noticed Natasha
  1009 | D:2      | Killed Natasha
  1051 | D:2      | Noticed Natasha
  1065 | D:2      | Killed Natasha
  1066 | D:2      | Reached XP level 5. HP: 20/46 MP: 5/5
  1352 | D:2      | Found a blossoming altar of Fedhas.
  1583 | D:2      | Noticed Terence
  1590 | D:2      | Killed Terence
  1591 | D:2      | Reached skill level 4 in Fighting
  1803 | D:3      | Found Sedwiav's Antique Weapon Shoppe.
  1856 | D:3      | Found a radiant altar of Vehumet.
  2173 | D:3      | Reached XP level 6. HP: 22/53 MP: 6/6
  2500 | D:4      | Found Tainturch's Magic Scroll Shoppe.
  2506 | D:4      | Bought a scroll of blinking for 97 gold pieces
  2506 | D:4      | Bought a scroll of teleportation for 39 gold pieces
  2592 | D:4      | Reached skill level 5 in Long Blades
  2776 | D:4      | Reached skill level 5 in Fighting
  2776 | D:4      | Your scales start taking on a glossy black colour.
  2776 | D:4      | Reached XP level 7. HP: 60/61 MP: 7/7
  2776 | D:4      | Gained mutation: You are resistant to electric shocks.
                  | (rElec) [Black Draconian growth]
  2828 | D:4      | Noticed Menkaure
  2833 | D:4      | Killed Menkaure
  2927 | D:4      | Found a transporter.
  3152 | D:4      | Found a transporter.
  3156 | D:4      | Noticed xnavy's ghost (amateur TrSh)
  3157 | D:4      | Identified the +10 great mace of Xothiod {speed, rElec}
  3535 | D:5      | Entered Level 5 of the Dungeon
  3582 | D:5      | Reached skill level 5 in Dodging
  4033 | D:5      | Reached skill level 6 in Fighting
  4212 | D:5      | Reached XP level 8. HP: 57/70 MP: 8/8
  4456 | D:5      | Noticed Prince Ribbit
  4464 | D:5      | Killed Prince Ribbit
  4670 | D:5      | Found a staircase to the Ecumenical Temple.
  4788 | D:5      | Found Soasuofa's General Store.
  4836 | Temple   | Entered the Ecumenical Temple
  4842 | Temple   | Became a worshipper of Warmaster Okawaru
  4975 | D:5      | Bought a potion of haste for 110 gold pieces
  5149 | D:6      | Found Goggutir's Book Shop.
  5221 | D:6      | Reached skill level 7 in Fighting
  5230 | D:6      | Noticed Edmund
  5292 | D:6      | Killed Edmund
  5314 | D:5      | Reached * piety under Okawaru
  5716 | D:6      | Found Ylamunam's Jewellery Shop.
  5730 | D:6      | Found a shimmering altar of Xom.
  5870 | D:6      | Reached XP level 9. HP: 9/80 MP: 9/9
  6333 | D:6      | Found a bloodstained altar of Trog.
  6414 | D:6      | Found Nuneuj's Magic Scroll Boutique.
  6445 | D:6      | Reached skill level 8 in Fighting
  6654 | D:6      | Reached ** piety under Okawaru
  7347 | D:7      | Found a transporter.
  7582 | D:7      | Noticed Joseph
  7788 | D:7      | Killed Joseph
  7788 | D:7      | Reached *** piety under Okawaru
  7789 | D:7      | Reached skill level 9 in Fighting
  8015 | D:7      | Noticed a cyclops
  8041 | D:7      | Killed a cyclops
  8163 | D:7      | Found a transporter.
  8180 | D:7      | Noticed a cyclops
  8181 | D:7      | Noticed IdlyInterested's ghost (novice DsFi)
  8336 | D:7      | Found Ninoqeh's Antique Armour Shop.
  8528 | D:7      | Reached XP level 10. HP: 26/91 MP: 10/10
  9199 | D:8      | Reached **** piety under Okawaru
  9200 | D:8      | Reached skill level 1 in Shields
 10048 | D:9      | Reached skill level 10 in Fighting
 10455 | D:9      | Reached ***** piety under Okawaru
 10903 | D:10     | Entered Level 10 of the Dungeon
 10934 | D:10     | Noticed Erolcha
 10955 | D:10     | HP: 3/93 [something (21)]
 10956 | D:10     | Slain by Erolcha

Illustrated notes

Levels and vault maps discovered:
D:1:      spicycebolla_arrival_ecumenical, layout_loops_cross,
          grunt_decor_mini_mirrors, minmay_indecisive_spiral
D:2:      layout_basic, basic_altar, nicolae_half_adder, uniq_terence,
          uniq_natasha
D:3:      layout_basic, amcnicky_altar_gilded, serial_shops,
          nicolae_shop_behind_doors
D:4:      layout_basic, gammafunk_ghost_smash, minmay_misc_feat_plants,
          nicolae_stop_n_shop_2, uniq_menkaure
D:5:      layout_basic, temple_fountains, serial_shops, shop,
          uniq_prince_ribbit1
D:6:      layout_cave_pools, mainiacjoe_overflow_large_starburst,
          serial_gnoll_camp, gnoll_camp_mini_shop, gnoll_camp_mini_loothouse,
          gnoll_camp_medium_02, gnoll_camp_huts_moat, gnoll_camp_mini_shop,
          serial_shops, kennysheep_mini, uniq_edmund
D:7:      layout_loops_ring, serial_rivers, chequers_serial_rivers_room_b,
          chequers_serial_rivers_micro_a, chequers_serial_rivers_micro_c,
          chequers_serial_rivers_marsh, chequers_serial_rivers_small_3,
          chequers_serial_rivers_room_a, serial_shops, nicolae_shop_scrapyard,
          nzn_ghost_randoct, minmay_stone_trees_small, uniq_joseph
D:8:      layout_basic, mrwooster_statue_mirror
D:9:      layout_basic, st_stairs_14
D:10:     layout_basic, grunt_temple_overflow_open,
          minmay_overflow_temple_star_quad, dpeg_lair_monsters, orc_david_3,
          uniq_erolcha, uniq_josephine
Temple:   nicolae_temple_ecumenical_triangle

Skill      XL: |  1  2  3  4  5  6  7  8  9 10 |
---------------+-------------------------------+-----
Throwing       | 2 |  2.0
Dodging        | 3 4 5 6 8 |  8.7
Fighting       | 3 4 5 6 7 9 10 | 10.1
Long Blades    | 4 5 6 7 8 9 |  9.5
Shields        | 3 |  3.1

Action                     |  1- 3 |  4- 6 |  7- 9 | 10-12 || total
---------------------------+-------+-------+-------+-------++-------
  Melee: Long sword        |    83 |   150 |   497 |     2 ||   732
         Tailslap          |     6 |    12 |    88 |    20 ||   126
         Punch             |     1 |     1 |    11 |       ||    13
         Scimitar          |       |       |       |   138 ||   138
  Throw: Throwing net      |       |       |     1 |       ||     1
 Invoke: Heroism           |       |       |     1 |     2 ||     3
Ability: Breathe Lightning |       |       |    14 |     2 ||    16
  Evoke: Wand              |       |     6 |    11 |       ||    17
    Use: Scroll            |       |     1 |       |       ||     1
         Potion            |       |     4 |     1 |       ||     5
   Stab: Sleeping          |     2 |     4 |     1 |     2 ||     9
         Paralysed         |       |     3 |       |       ||     3
         Distracted        |       |       |     1 |       ||     1
 Armour: Skin              |    51 |   112 |   355 |    84 ||   602
  Dodge: Dodged            |    54 |    92 |   464 |   128 ||   738
  Block: Other             |       |       |    15 |       ||    15

Table legend: (Time is in decaauts)
 A = Elapsed time spent in this place.
 B = Non-inter-level travel time spent in this place.
 C = Inter-level travel time spent in this place.
 D = Time resting spent in this place.
 E = Time spent auto-exploring this place.
 F = Levels seen in this place.
 G = Mean time per level.
                   A        B        C        D        E       F      G
               +--------+--------+--------+--------+--------+-----+--------+
         Total |  11020 |  10713 |    307 |   2663 |   5843 |  11 | 1001.8 |
       Dungeon |  11008 |  10702 |    306 |   2663 |   5843 |  10 | 1100.8 |
        Temple |     11 |     11 |      0 |      0 |      0 |   1 |   11.0 |
               +--------+--------+--------+--------+--------+-----+--------+

Top non-repeatable levels by time:
     D:5: 1945 daAuts
     D:6: 1867 daAuts
     D:7: 1751 daAuts
     D:2: 1077 daAuts
     D:4: 1043 daAuts
     D:9: 945 daAuts
     D:8: 854 daAuts
     D:1: 763 daAuts
     D:3: 710 daAuts
    D:10: 50 daAuts
  Temple: 11 daAuts
